 Dungeon Crawl Stone Soup version 0.30-a0-1043-g60ff8d5f49 (webtiles) character file.

Game seed: 12171722893928107553

179 xian the Cudgeller (level 5, 0/31 HPs)
             Began as a Gargoyle Gladiator on Apr 11, 2023.
             Slain by a wight
             ... wielding a +4 morningstar
              (1 damage)
             ... on level 4 of the Dungeon.
             The game lasted 00:09:43 (3053 turns).

xian the Cudgeller (Gargoyle Gladiator)             Turns: 3053, Time: 00:09:43

Health: 0/31       AC: 11    Str: 16 (18) XL:     5   Next: 59%
Magic:  5/5        EV: 12    Int:  6 (8)  God:
Gold:   206        SH:  0    Dex: 15 (17) Spells: 4/4 levels left

rFire   . . .      SeeInvis .    z - +4 club
rCold   . . .      Faith    .    (no shield)
rNeg    + . .      Spirit   .    b - +0 leather armour
rPois   ∞          Reflect  .    c - +0 helmet
rElec   +          Rampage  .    (no cloak)
rCorr   +                        n - +2 pair of gloves {Stlth+}
Will    +....                    (no boots)
Stlth   ++++                     h - amulet of the acrobat
HPRegen 0.25/turn                e - ring of resist corrosion
MPRegen 0.09/turn                v - ring of willpower

@: brilliant, attractive
A: sickness immunity, AC +4, negative energy resistance 1, electricity
resistance, torment resistance 1, petrification resistance, thin skeletal
structure 1, agile 1
a: no special abilities


You were on level 4 of the Dungeon.
You visited 1 branch of the dungeon, and saw 4 of its levels.

You collected 206 gold pieces.

Inventory:

Hand Weapons
 z - a +4 club (weapon)
Missiles
 f - 16 stones (quivered)
 l - 2 throwing nets
 p - 3 poisoned darts
Armour
 b - a +0 leather armour (worn)
 c - a +0 helmet (worn)
 n - a +2 pair of gloves of stealth (worn)
Jewellery
 e - a ring of resist corrosion (left hand)
 h - an amulet of the acrobat (around neck)
 i - a ring of ice
 v - a ring of willpower (right hand)
Wands
 d - a wand of digging (3)
Scrolls
 a - a scroll of acquirement {unknown}
 k - a scroll of teleportation
 m - a scroll of noise {unknown}
 u - 2 scrolls of enchant armour
 x - a scroll of immolation
 y - a scroll of magic mapping
Potions
 o - 2 potions of curing
 s - 4 potions of degeneration


   Skills:
 + Level 2.7 Fighting
 + Level 4.2 Maces & Flails
 + Level 2.2 Throwing
 + Level 2.0 Armour
 + Level 3.1 Dodging
 + Level 1.5 Stealth


You had 4 spell levels left.
You didn't know any spells.
Your spell library contained the following spells:

 Spells                   Type           Power      Damage    Failure   Level
 Magic Dart               Conj           0%         1d3       52%         1
 Call Imp                 Summ           0%         N/A       67%         2
 Mephitic Cloud           Conj/Pois/Air  0%         N/A       88%         3


Dungeon Overview and Level Annotations

Branches:
Dungeon (4/15)
 Temple: D:4-7

Altars:


Innate Abilities, Weirdness & Mutations

You are immune to sickness and miasma.
Your stone body is resilient. (AC +4)
You are immune to poison.
You resist negative energy. (rN+)
You are resistant to electric shocks. (rElec)
You are resistant to unholy torment.
You are immune to petrification.
You have a somewhat thin skeletal structure. (Dex +2, Stealth+)
You are agile. (Dex +4, Str/Int -1)


Message History

The wight hits you with a +4 morningstar.
The wight hits you but does no damage.
You hit the wight.
The wight is heavily damaged.
The wight completely misses you. The wight misses you.
The wight completely misses you. The wight is attracted toward you.
You thump the wight!
You destroy the wight!
The wight hits you with a +4 morningstar.
The wight closely misses you. The wight completely misses you.
The wight barely misses you. The wight closely misses you.
The wight is attracted toward you.
You feel your strength returning.
Your Armour skill increases to level 2!
Unknown command.
The wight attacks as you move away! The wight barely misses you.
The wight attacks as you move away!
The wight hits you with a +4 morningstar!
The wight closely misses you. The wight is attracted toward you.
The wight hits you from afar with a +1 trident!
* * * LOW HITPOINT WARNING * * *
The wight is attracted toward you.
You hit the wight.
The wight is moderately damaged.
The wight closely misses you. The wight barely misses you.
The wight closely misses you.
You barely miss the wight.
The wight is moderately damaged.
The wight misses you.
The wight hits you with a +1 dagger of freezing.
* * * LOW HITPOINT WARNING * * *
The wight freezes you.
* * * LOW HITPOINT WARNING * * *
The wight hits you with a +1 trident.
* * * LOW HITPOINT WARNING * * *
Unknown command.
As you read the scroll of fog, it crumbles to dust.
The scroll dissolves into smoke.
The wight hits you with a +4 morningstar.
You die...

##.## ##..#..........#
#..### ##..##.........##
##....######..##.....####+#
#........)...###.....#
##......###..# ###...#
#...<.## ##.## ##.##
#....## #§.# #.. #...##
##§.######## #.###
###@z....#### ###
##.§zz.......##
##.....§.......####+##
###.......).............
#....................#..
#....................#
#....................#..
#....................#..
###.............§....#..


You could see 3 wights.

Vanquished Creatures
  A wight (D:4)
  Ijyb (D:4)
  Jessica (D:3)
  An adder (D:2)
  3 dart slugs (D:3)
  An orc (D:3)
  6 endoplasms
  2 giant cockroaches
  8 goblins
  3 hobgoblins
  5 jackals
  3 kobolds
  2 quokkas
  5 ball pythons
  4 bats
  A frilled lizard (D:3)
  6 rats
53 creatures vanquished.

Notes
Turn   | Place    | Note
-------+----------+-------------------------------------------
     0 | D:1      | xian the Gargoyle Gladiator began the quest for the Orb.
     0 | D:1      | Reached XP level 1. HP: 12/12 MP: 1/1
   155 | D:1      | Reached XP level 2. HP: 17/17 MP: 2/2
   896 | D:2      | Reached XP level 3. HP: 22/22 MP: 3/3
  1754 | D:3      | Reached skill level 1 in Armour
  2112 | D:3      | Reached XP level 4. HP: 27/27 MP: 4/4
  2308 | D:3      | Noticed Jessica
  2325 | D:3      | Killed Jessica
  2326 | D:3      | Reached skill level 1 in Stealth
  2929 | D:4      | Noticed Ijyb
  2947 | D:4      | Killed Ijyb
  2948 | D:4      | Reached skill level 4 in Maces & Flails
  2948 | D:4      | Reached XP level 5. HP: 21/31 MP: 5/5
  3043 | D:4      | Gained mutation: You are agile. (Dex +4, Str/Int -1)
                  | [potion of mutation]
  3043 | D:4      | Gained mutation: You have a somewhat thin skeletal
                  | structure. (Dex +2, Stealth+) [potion of mutation]
  3052 | D:4      | HP: 1/31 [wight/+1 trident (2)]
  3053 | D:4      | Slain by a wight

Illustrated notes

Levels and vault maps discovered:
D:1:      amcnicky_arrival_choice, layout_loops_ring, kennysheep_pointless_box
D:2:      layout_loops_corners
D:3:      layout_basic, serial_corexii_hall, corexii_hall_statues_i,
          corexii_hall_statues_x, grunt_ministairs_13, uniq_jessica
D:4:      layout_cave_pods, minmay_fountain_box, uniq_ijyb, uniq_edmund

Skill      XL: |  1  2  3  4  5 |
---------------+----------------+-----
Dodging        | 3 |  3.1
Throwing       | 2 |  2.2
Armour         | 1 2 |  2.0
Stealth        | 1 |  1.5
Maces & Flails | 4 |  4.2
Fighting       | |  2.7

Action                     |  1- 3 |  4- 6 || total
---------------------------+-------+-------++-------
  Melee: Flail             |   114 |    18 ||   132
         Punch             |     1 |       ||     1
         Club              |       |    37 ||    37
  Throw: Stone             |    25 |     5 ||    30
         Javelin           |     1 |     1 ||     2
         Throwing net      |       |     3 ||     3
    Use: Scroll            |       |     8 ||     8
         Potion            |       |     7 ||     7
   Stab: Sleeping          |     6 |     1 ||     7
 Armour: Leather armour    |    44 |    24 ||    68
  Dodge: Dodged            |    82 |    60 ||   142

Table legend: (Time is in decaauts)
 A = Elapsed time spent in this place.
 B = Non-inter-level travel time spent in this place.
 C = Inter-level travel time spent in this place.
 D = Time resting spent in this place.
 E = Time spent auto-exploring this place.
 F = Levels seen in this place.
 G = Mean time per level.
                   A        B        C        D        E       F      G
               +--------+--------+--------+--------+--------+-----+--------+
         Total |   3095 |   2980 |    115 |      0 |   2226 |   4 |  773.8 |
       Dungeon |   3095 |   2980 |    115 |      0 |   2226 |   4 |  773.8 |
               +--------+--------+--------+--------+--------+-----+--------+

Top non-repeatable levels by time:
     D:3: 1155 daAuts
     D:2: 920 daAuts
     D:1: 790 daAuts
     D:4: 229 daAuts
